 Dungeon Crawl Stone Soup version 0.28.0-43-g3370ac3207 (webtiles) character file.

Game seed: 17794699958766749271

4902 Acheron the Grappler (level 10, -2/91 HPs)
             Began as a Troll Hedge Wizard on Mar 16, 2022.
             Was a High Priest of Elyvilon.
             Slain by an unseen horror (7 damage)
             ... on level 9 of the Dungeon.
             The game lasted 00:45:51 (6531 turns).

Acheron the Grappler (Troll Hedge Wizard)           Turns: 6531, Time: 00:45:51

Health: -2/91      AC:  7    Str: 20    XL:     10   Next: 27%
Magic:  10/13      EV: 11    Int: 12    God:    Elyvilon [*****.]
Gold:   211        SH:  0    Dex: 11    Spells: 12/15 levels left

rFire   . . .      SeeInvis .     - Unarmed
rCold   . . .      Faith    .   (no shield)
rNeg    . . .      Spirit   .   r - +0 steam dragon scales
rPois   +          Reflect  .   c - +0 hat
rElec   .          Harm     .   j - scarf {repulsion}
rCorr   .          Rampage  .   (gloves unavailable)
Will    +....                   (boots unavailable)
Stlth   ++........              (no amulet)
HPRegen 1.05/turn               t - ring of poison resistance
MPRegen 0.13/turn               b - ring of willpower

@: repel missiles
A: large, unfitting armour, claws 3, regeneration 1, shaggy fur 1, tough skin 1
a: Renounce Religion, Purification, Heal Other, Heal Self, Divine Vigour


You were on level 9 of the Dungeon.
You worshipped Elyvilon.
Elyvilon was extremely pleased with you.
You visited 1 branch of the dungeon, and saw 11 of its levels.
You also visited: Bailey.

You collected 211 gold pieces.

Inventory:

Hand Weapons
 d - a +2 flail of holy wrath
 i - a +2 whip of freezing
 u - a +0 antimagic morningstar
 y - a +2 war axe of flaming
Missiles
 a - 3 atropa-tipped darts (quivered)
 e - 9 boomerangs
 h - 9 poisoned darts
Armour
 c - a +0 hat (worn)
 j - a scarf of repulsion (worn)
 r - +0 steam dragon scales (worn)
Magical Staves
 A - a staff of earth
Jewellery
 b - a ring of willpower (right claw)
 f - a ring of protection from fire
 k - an amulet of guardian spirit
 o - a ring of magical power
 t - a ring of poison resistance (left claw)
Wands
 g - a wand of flame (14)
 n - a wand of acid (8)
 q - a wand of polymorph (4)
 v - a wand of paralysis (12)
 z - a wand of digging (8)
Scrolls
 l - a scroll of fear
 m - 2 scrolls of teleportation
 p - 2 scrolls of identify
 w - a scroll of amnesia {unknown}
 x - a scroll of blinking
Potions
 s - a potion of mutation


   Skills:
 * Level 3.3 Fighting
 * Level 2.4 Throwing
 * Level 5.7 Dodging
 + Level 2.2 Stealth
 * Level 8.8 Unarmed Combat
 + Level 3.0 Spellcasting
 + Level 2.4 Conjurations
 + Level 0.6 Summonings
 * Level 3.0 Translocations
 * Level 3.8 Invocations
 * Level 1.9 Evocations


You had 12 spell levels left.
You knew the following spells:

 Your Spells              Type           Power      Damage    Failure   Level
a - Magic Dart            Conj           28%        1d4       10%         1
b - Blink                 Tloc           18%        N/A       11%         2

Your spell library contained the following spells:

 Spells                   Type           Power      Damage    Failure   Level
 Slow                     Hex            4%         N/A       24%         1
 Call Imp                 Summ           3%         N/A       28%         2
 Conjure Flame            Conj/Fire      4%         6-21      41%         3
 Mephitic Cloud           Conj/Pois/Air  3%         N/A       47%         3


Dungeon Overview and Level Annotations

Branches:
Dungeon (11/15)            Temple (0/1) D:4          Bailey (visited)
   Lair: D:8-11         Orc: D:9-12

Altars:
Elyvilon
Hepliaklqana

Shops:
D:5 [

Annotations:
D:2 Sigmund
D:3 1 runed translucent door, exclusion: upstairs, Efficiency's ghost, weakling VSAK
D:4 3 runed translucent doors, exclusion: upstairs, Xye's ghost, weakling DrFE; Zero1's ghost, amateur HOFi; dangdung's ghost, amateur OpTm
D:5 exclusion: downstairs
D:6 1 runed translucent door, Blork the orc; kelmiir's ghost, novice DrEE
D:8 1 runed translucent door, P0WERM0DE's ghost, novice OpMo


Innate Abilities, Weirdness & Mutations

You are too large for most types of armour.
You have claws for hands.
Your natural rate of healing is unusually fast.
You are covered in fur. (AC +1)
You have tough skin. (AC +1)


Message History

The water moccasin is severely wounded.
You feel sick. Something hits you but does no damage.
The water moccasin barely misses you.
You scratch the water moccasin.
The water moccasin is almost dead.
You feel sick. Something hits you.
* * * LOW HITPOINT WARNING * * *
The water moccasin barely misses you.
You completely miss the water moccasin.
The water moccasin is almost dead.
You feel sick. The water moccasin closely misses you.
Something hits you but does no damage.
You scratch the water moccasin.
The water moccasin is almost dead.
You feel sick. Something hits you but does no damage.
The water moccasin bites you.
* * * LOW HITPOINT WARNING * * *
You scratch the water moccasin.
You kill the water moccasin!
You feel sick. Something hits you!
* * * LOW HITPOINT WARNING * * *
You feel sick. Something hits you.
* * * LOW HITPOINT WARNING * * *
You are healed.
You feel sick. Something hits you.
* * * LOW HITPOINT WARNING * * *
You feel sick.
You feel sick.
You are no longer poisoned.
Something hits you.
* * * LOW HITPOINT WARNING * * *
Something hits you.
* * * LOW HITPOINT WARNING * * *
There is a stone staircase leading up, spattered with blood here.
Something hits you! Elyvilon protects you from harm!
You climb upwards.
Reactivating autopickup.
There is a stone staircase leading down here.
Something hits you!
You die...

.<..............###
#.... ...........#
...##.....
####......##
..........
####...## .........
##...## .........
##...## ##........
##...###.........
#.......>.......
##.....@..######
#.......##
#......## #.......#
#........#
..........#
..........#
........#


There were no monsters in sight!

Vanquished Creatures
  Pikel (D:8)
  Grinder (D:3)
  3 yaks (D:8)
  3 steam dragons
  Edmund (D:4)
  2 vampire mosquitoes (D:10)
  3 water moccasins
  2 black bears
  An ice beast (D:6)
  An ogre (D:4)
  A phantom (D:4)
  5 centaurs
  2 bullfrogs (D:7)
  A gnoll sergeant (D:6)
  2 scorpions
  A water moccasin skeleton (D:4)
  8 wights (D:8)
  2 howler monkeys (D:11)
  3 hounds
  A bullfrog skeleton (D:7)
  2 centaur zombies
  3 orc priests
  Terence (D:2)
  2 gnoll shamans (D:8)
  A jelly (D:7)
  A centaur skeleton (D:4)
  An iguana (D:5)
  3 orc wizards
  13 gnolls
  2 adders
  2 shadow imps (D:7)
  2 white imps (D:7)
  2 dart slugs
  22 orcs
  4 ball pythons
  10 bats
  2 endoplasms
  7 giant cockroaches
  8 goblins
  8 hobgoblins
  5 jackals
  A quokka (D:4)
  3 frilled lizards
  10 kobolds
  4 rats
163 creatures vanquished.

Vanquished Creatures (collateral kills)
  A yak (D:8)
1 creature vanquished.

Vanquished Creatures (others)
  16 fungi
  27 plants
  2 withered plants (D:1)
45 creatures vanquished.

Grand Total: 209 creatures vanquished

Notes
Turn   | Place    | Note
-------+----------+-------------------------------------------
     0 | D:1      | Acheron the Troll Hedge Wizard began the quest for the Orb.
     0 | D:1      | Reached XP level 1. HP: 16/16 MP: 2/2
    18 | D:1      | Found a faded altar of an unknown god.
    72 | D:1      | Prayed at the altar of an unknown god.
    72 | D:1      | Became a worshipper of Elyvilon the Healer
    72 | D:1      | Reached * piety under Elyvilon
   140 | D:1      | Reached XP level 2. HP: 24/24 MP: 4/4
   419 | D:1      | Reached skill level 1 in Conjurations
   426 | D:2      | Noticed Terence
   441 | D:1      | Reached XP level 3. HP: 32/32 MP: 5/5
   556 | D:1      | Reached skill level 1 in Unarmed Combat
   665 | D:2      | Killed Terence
   747 | D:2      | Noticed Sigmund
   788 | D:4      | Reached ** piety under Elyvilon
   856 | D:3      | Reached XP level 4. HP: 37/40 MP: 6/6
   882 | D:3      | Identified the +8 falchion "Eblaon" {vamp, rCorr Str+5
                  | Stlth+}
   986 | D:3      | Reached skill level 2 in Unarmed Combat
  1087 | D:3      | Noticed Grinder
  1197 | D:4      | Learned a level 2 spell: Blink
  1277 | D:4      | Reached *** piety under Elyvilon
  1297 | D:4      | Noticed a phantom
  1366 | D:4      | Elyvilon protects you from harm!
  1369 | D:4      | HP: 1/40 [phantom (7)]
  1370 | D:4      | Elyvilon protects you from harm!
  1371 | D:4      | Killed a phantom
  1372 | D:4      | Reached XP level 5. HP: 4/46 MP: 7/7
  1448 | D:4      | Noticed Edmund
  1527 | D:4      | Found a staircase to the Ecumenical Temple.
  1635 | D:4      | Noticed an ogre
  1753 | D:2      | Reached skill level 3 in Unarmed Combat
  1786 | D:2      | Reached skill level 1 in Fighting
  2112 | D:3      | Found a runed translucent door.
  2112 | D:3      | Noticed Efficiency's ghost (weakling VSAK)
  2214 | D:3      | Reached skill level 1 in Translocations
  2231 | D:3      | HP: 2/48 [Grinder (1)]
  2233 | D:3      | Killed Grinder
  2234 | D:3      | Reached skill level 1 in Invocations
  2234 | D:3      | Reached XP level 6. HP: 19/55 MP: 8/8
  2433 | D:5      | Entered Level 5 of the Dungeon
  2438 | D:6      | Noticed Blork the orc
  2475 | D:4      | Reached skill level 4 in Unarmed Combat
  2529 | D:4      | Reached XP level 7. HP: 59/62 MP: 9/9
  2625 | D:4      | HP: 2/62 [ogre/+0 giant spiked club (30)]
  2736 | D:5      | Noticed a steam dragon
  2748 | D:5      | Found Kopnalefe's Armour Emporium.
  2922 | D:5      | Killed a steam dragon
  3152 | D:4      | Reached skill level 5 in Unarmed Combat
  3191 | D:4      | Killed Edmund
  3192 | D:4      | Reached XP level 8. HP: 35/72 MP: 11/11
  3305 | D:4      | Found a runed translucent gate.
  3305 | D:4      | Found a runed translucent gate.
  3305 | D:4      | Found a runed translucent gate.
  3306 | D:4      | Noticed dangdung's ghost (amateur OpTm)
  3307 | D:4      | Noticed Xye's ghost (weakling DrFE)
  3307 | D:4      | Noticed Zero1's ghost (amateur HOFi)
  3695 | D:5      | Found a hazy altar of Hepliaklqana.
  3864 | D:5      | Reached **** piety under Elyvilon
  4010 | D:6      | Found a runed translucent door.
  4010 | D:6      | Noticed kelmiir's ghost (novice DrEE)
  4260 | D:6      | Reached skill level 6 in Unarmed Combat
  4452 | D:7      | Found a flagged portal.
  4471 | Bailey   | Entered a bailey
  4571 | D:8      | Reached XP level 9. HP: 80/80 MP: 12/12
  4680 | D:7      | Reached ***** piety under Elyvilon
  5392 | D:7      | Reached skill level 1 in Throwing
  5407 | D:7      | Reached skill level 7 in Unarmed Combat
  5685 | D:8      | Noticed Pikel
  5703 | D:8      | Killed Pikel
  5704 | D:8      | Reached skill level 5 in Dodging
  5704 | D:8      | Reached skill level 1 in Evocations
  6003 | D:8      | Found a runed translucent door.
  6004 | D:8      | Noticed P0WERM0DE's ghost (novice OpMo)
  6010 | D:8      | Identified the +5 spear of Fragile Peace {flame, *Corrode
                  | Fly rF+ Int+3}
  6090 | D:8      | Reached skill level 8 in Unarmed Combat
  6102 | D:8      | Reached XP level 10. HP: 80/91 MP: 13/13
  6454 | D:10     | Entered Level 10 of the Dungeon
  6524 | D:10     | HP: 2/91 [something (7)]
  6529 | D:10     | Elyvilon protects you from harm!
  6531 | D:9      | Slain by an unseen horror

Illustrated notes

Levels and vault maps discovered:
D:1:      scummos_arrival_star, layout_basic,
          ebering_ecumenical_altar_petrified, minmay_cut_off
D:2:      wad_lake_hut, layout_basic, kennysheep_small_spiral, uniq_sigmund,
          uniq_terence
D:3:      layout_loops_cross, hellmonk_ghost_happy_afterlife,
          corexii_hall_statues_x, minmay_misc_feat_alley, st_stairs_8,
          uniq_grinder
D:4:      layout_basic, minmay_temple_entry_water_ring,
          gammafunk_ghost_cemetery, amcnicky_mini_pool_small,
          minmay_misc_feat_doors, corexii_hall_statues_t, uniq_edmund
D:5:      layout_basic, worldfamousw_hep_ancestral_shrine, serial_shops,
          nicolae_shop_waterfront, chequers_serial_rivers_micro_a,
          corexii_item_surrounded_by_moat, roderic_malta_cross
D:6:      layout_basic, ebering_ghost_reflecting_pool, uniq_blork_the_orc
D:7:      layout_layer_cave, enter_bailey_5
D:8:      layout_basic, ebering_ghost_funeral_grove, uniq_pikel
D:9:      layout_layer_cave
D:10:     layout_rooms, serial_shops, nicolae_diamond_shop,
          nicolae_figureground_pulse
D:11:     layout_basic, due_lair_maze_entry_diamond, uniq_urug

Skill      XL: |  1  2  3  4  5  6  7  8  9 10 |
---------------+-------------------------------+-----
Conjurations   | 1 2 |  2.4
Unarmed Combat | 1 2 3 4 5 6 8 |  8.8
Dodging        | 2 3 4 5 |  5.7
Fighting       | 1 2 3 |  3.3
Translocations | 1 2 3 |  3.0
Invocations    | 1 2 3 |  3.8
Stealth        | 2 |  2.2
Spellcasting   | 3 |  3.0
Throwing       | 1 2 |  2.4
Evocations     | 1 |  1.9
Summonings     | |  0.6

Action                   |  1- 3 |  4- 6 |  7- 9 | 10-12 || total
-------------------------+-------+-------+-------+-------++-------
Melee: Unarmed           |   129 |   145 |   335 |    57 ||   666
       Dagger            |     1 |       |       |       ||     1
       Punch             |     1 |     3 |    12 |     3 ||    19
Throw: Dart              |       |       |    10 |       ||    10
 Cast: Magic Dart        |     1 |     1 |     2 |       ||     4
       Blink             |       |       |     3 |       ||     3
Invok: Heal Other        |       |     1 |     1 |       ||     2
       Heal Self         |       |       |       |     2 ||     2
  Use: Potion            |       |     2 |     5 |       ||     7
       Scroll            |       |     4 |     7 |     1 ||    12
 Stab: Sleeping          |       |     1 |     1 |     2 ||     4
       Distracted        |       |       |     1 |       ||     1
Armor: Robe              |    61 |    53 |    19 |       ||   133
       Steam dragon scal |       |       |    95 |    36 ||   131
       Skin              |       |       |    13 |       ||    13
Dodge: Dodged            |    72 |    58 |   212 |    41 ||   383
       Repelled          |       |     1 |       |       ||     1
